[Event "*** Titled Tuesday Blitz"]
[Site "Chess.com"]
[Date "2021.03.02"]
[Round "1"]
[White "B-man"]
[Black "pirulillo"]
[Result "1-0"]
[WhiteElo "2544"]
[BlackElo "2230"]
[TimeControl "180+1"]
[EndTime "10:07:51 PST"]
[Termination "B-man won on time"]

1. e4 c5 2. Nc3 e6 3. Nf3 Nc6 4. d4 cxd4 5. Nxd4 Nf6 6. Nxc6 bxc6 7. e5 Nd5 8. Ne4 Bb7 9. c4 Nb4 10. Be2 c5 11. Bf3 Nc6 12. Nd6+ Bxd6 13. Qxd6 Qe7 14.
Be3 Qxd6 15. exd6 Na5 16. Be2 Ba6 17. b3 Nb7 18. O-O-O f6 19. h4 Kf7 20. Bh5+ g6 21.
Bf3 Rac8 22. h5 g5 23. h6 Na5 24. Kc2 Bb7 25. Bh5+ Kf8 26. f3 Rg8 27. Kc3 f5 28. Rhf1 Ba6 29. Bg1 Nb7 30. Rfe1 Nd8 31. Re5 Nb7 32. Re2 Rc6 33. Red2 Nd8 34. Re1 Nf7 35. Bxf7 Kxf7 36. Re5 Kf6 37. Rxc5 Rgc8 38. Rxc6 Rxc6 39. Bxa7 Bb7 40. a4 g4 41. Bd4+ Kg5 42. c5 gxf3 43. gxf3 Rc8 44. Rd3 Kf4 45. b4 Bxf3 46. b5 Bd5 47. c6 dxc6 48. b6 c5 49. Bf6 e5 50. Rxd5 e4 51. d7 1-0

[Event "*** Titled Tuesday Blitz"]
[Site "Chess.com"]
[Date "2021.03.02"]
[Round "1"]
[White "Shuvalov"]
[Black "Kapibara_Warri0r"]
[Result "1-0"]
[WhiteElo "2533"]
[BlackElo "2207"]
[TimeControl "180+1"]
[EndTime "10:07:52 PST"]
[Termination "Shuvalov won by checkmate"]

1. Nf3 Nf6 2. c4 g6 3. Nc3 Bg7 4. e4 d6 5. d4 O-O 6. Be2 e5 7. O-O Nc6 8. d5 Ne7 9. Ne1 Nd7 10. f3 f5 11. g4 Nf6 12. Nd3 h6 13. h4 Bd7 14. Be3 Qc8 15. Nf2 f4 16. Bd2 g5 17. h5 c5 18. Kg2 Rf7 19. Rh1 Bf8 20.
a3 a5 21. Rh3 a4 22. Bd3 b6 23.
Bc2 Qa6 24. Bd3 Kh7 25. Qc2 Neg8 26. Be2 Be7 27. Rhh1 Raf8 28. Rh3 Bd8 29. b3 axb3 30. Qxb3 Ne8 31. Nb5 Ngf6 32. a4 Be7 33. a5 bxa5 34. Rxa5 Qb7 35. Qa3 Bxb5 36. cxb5 Bd8 37. Ra6 Nc7 38.
Ra7 Qb8 39. Qa4 Nxb5 40. Rxf7+ Rxf7 41. Bxb5 Ra7 42. Qc4 Rb7 43. Bc6 Rb1 44. Rh1 Rb2 45. Rd1 Qa7 46. Qa4 Qb6 47. Qa1 Qb3 48. Qa7+ Kh8 49.
Qf7 Nxg4 50. Qe8+ Kg7 51. Qg6+ Kf8 52. Nxg4 Qxd1 53. Qxh6+ Ke7 54. Qe6+ Kf8 55. Qe8+ Kg7 56. h6+ Kh7 57. Qf7+ Kh8 58. Qg7# 1-0

[Event "*** Titled Tuesday Blitz"]
[Site "Chess.com"]
[Date "2021.03.02"]
[Round "1"]
[White "Aslanov_Umid"]
[Black "wannabe2700"]
[Result "1-0"]
[WhiteElo "2412"]
[BlackElo "2720"]
[TimeControl "180+1"]
[EndTime "10:07:53 PST"]
[Termination "Aslanov_Umid won by resignation"]

1. e4 d5 2. exd5 Qxd5 3. Nc3 Qe5+ 4. Be2 Bg4 5. h3 Bxe2 6. Ngxe2 Nc6 7. d3 O-O-O 8. a3 Nf6 9. O-O Qh5 10. b4 e5 11.
b5 Nd4 12. Nxd4 Qxd1 13. Rxd1 exd4 14. Ne2 Bc5 15. a4 Rhe8 16. Ng3 Nd5 17. Bd2 Bb4 18.
Bxb4 Nxb4 19. Rac1 Na2 20. Ra1 Nc3 21. Re1 g6 22.
Kf1 f5 23. Rxe8 Rxe8 24. h4 c6 25. f3 cxb5 26. axb5 Nxb5 27. Ra5 a6 28. Kf2 Kc7 29. Ne2 Kb6 30. Ra1 Rc8 31. Ra2 a5 32. h5 Ra8 33.
hxg6 hxg6 34. Nf4 g5 35. Ne6 g4 36. fxg4 fxg4 37. Rb2 Kc6 38. Kg3 a4 39. Kxg4 a3 40. Ra2 Nc3 41. Ra1 Kd5 42. Nc7+ Kc6 43. Nxa8 a2 44. Kf3 b5 45. g4 Kb7 46. g5 Kxa8 47. g6 Nd5 48. Rxa2+ Kb7 49. g7 Nf6 50. Kg3 Nh5+ 51.
Kg4 Nxg7 52. Kf4 Kc6 53. Ke5 Kc5 54. Ra7 Ne8 55. Ke6 Kc6 56. Ke5 Nc7 57. Kxd4 Ne6+ 58. Kc3 Nc5 59. d4 Ne4+ 60. Kd3 Nd6 61. Rh7 Kd5 62.
Rh5+ Kc6 63. Kc3 Ne4+ 64. Kb4 Nd6 65. Rh6 Kd5 66. Rxd6+ Kxd6 67. Kxb5 Kd5 68. c3 1-0

[Event "*** Titled Tuesday Blitz"]
[Site "Chess.com"]
[Date "2021.03.02"]
[Round "1"]
[White "AliKa2810"]
[Black "BJthechessgod"]
[Result "1-0"]
[WhiteElo "2553"]
[BlackElo "2246"]
[TimeControl "180+1"]
[EndTime "10:07:53 PST"]
[Termination "AliKa2810 won by checkmate"]

1. Nf3 c5 2. g3 Nc6 3. d4 cxd4 4. Nxd4 g6 5. Bg2 Bg7 6. Nxc6 bxc6 7. O-O Nf6 8. c4 O-O 9. Nc3 Rb8 10. Rb1 c5 11.
Bf4 d6 12. Qd2 Bf5 13. e4 Be6 14. Nd5 Nd7 15. Bg5 Re8 16. b3 Bd4 17. Rbd1 a5 18. Kh1 a4 19. Qc2 axb3 20. axb3 Bxd5 21. exd5 Qb6 22.
Bh3 Nf6 23. Rb1 Ra8 24. f4 Ra3 25. f5 Rea8 26. fxg6 hxg6 27. Qe2 R8a7 28. Qd3 Rb7 29. Be6 Kg7 30. Bc8 Rxb3 31. Bxb7 Rb2 32. Bc6 Ng4 33. Bd2 Ne5 34. Qe4 Nxc4 35. Rxb2 Qxb2 36. Bc1 Qc3 37.
Qxe7 Ne5 38. Qf6+ Kh7 39. Qh4+ Kg7 40. Qh6+ Kg8 41. Be8 Qe3 42. Bxe3 Bxe3 43. Qxe3 c4 44. Bxf7+ Kg7 45. Bxg6 Nxg6 46. Qd4+ Ne5 47. Rc1 Kg6 48.
Rxc4 Nf3 49. Qg4+ Ng5 50. h4 Kf7 51. Qxg5 Ke8 52. Rf4 Kd7 53. Rf7+ Kc8 54. Qg8# 1-0

[Event "*** Titled Tuesday Blitz"]
[Site "Chess.com"]
[Date "2021.03.02"]
[Round "1"]
[White "cukin84"]
[Black "JimmmyZhang"]
[Result "0-1"]
[WhiteElo "2137"]
[BlackElo "2509"]
[TimeControl "180+1"]
[EndTime "10:07:53 PST"]
[Termination "JimmmyZhang won by resignation"]

1. e4 e6 2. d4 d5 3. Nc3 Nf6 4. e5 Nfd7 5. f4 c5 6. Nf3 Nc6 7. Be3 a6 8. Qd2 b5 9. a3 Qb6 10. Be2 cxd4 11. Nxd4 Bc5 12. O-O-O Bb7 13. Bh5 g6 14. Bg4 Rc8 15. Nce2 h5 16. Bf3 a5 17. g4 hxg4 18. Bxg4 b4 19. a4 Ba6 20. Bg1 Rh4 21. Bxe6 fxe6 22. Nxe6 Bxg1 23. Rhxg1 Bxe2 24. Qxe2 Ne7 25. Ng7+ Kd8 26. Kb1 Rxf4 27. e6 Nc5 28. Qe5 Qc7 29. Rxd5+ Nxd5 30. Qxd5+ Ke7 31. Qg5+ Kf8 32.
e7+ Qxe7 33. Qxf4+ Kxg7 34. h4 Qf6 35. Qg4 Nxa4 36. Qd7+ Kh6 37. Qxa4 Rc5 38. Qe8 Rf5 39. Rd1 a4 40. Qe3+ Kg7 41. Rd7+ Kf8 42. Qa7 Rf1+ 43. Ka2 Qe6+ 44. b3 axb3+ 45. Kb2 Qf6+ 46. Kxb3 Qc3+ 47.
Ka4 Ra1+ 48. Kb5 Rxa7 49. Rxa7 Qe5+ 50. Ka6 Qd4 51. Rb7 Qxh4 52. Ka5 Qc4 53. Rxb4 Qxc2 54.
Kb5 Kg7 55. Rc4 Qf5+ 56. Kb4 Kf6 57. Kc3 g5 58. Kd2 g4 59. Ke3 Kg5 60. Re4 Qf3+ 61. Kd4 Kh4 62. Re3 Kg3 63. Rxf3+ gxf3 64. Ke4 f2 0-1

[Event "*** Titled Tuesday Blitz"]
[Site "Chess.com"]
[Date "2021.03.02"]
[Round "1"]
[White "klimkoj"]
[Black "Darius321"]
[Result "1-0"]
[WhiteElo "2601"]
[BlackElo "2298"]
[TimeControl "180+1"]
[EndTime "10:07:54 PST"]
[Termination "klimkoj won by resignation"]

1. e4 e5 2. Nf3 Nc6 3. Bb5 Bc5 4. O-O Nf6 5. c3 O-O 6. d4 Bb6 7. Re1 d6 8. Bg5 h6 9. Bh4 g5 10. Nxg5 hxg5 11. Bxg5 Kg7 12. Qf3 exd4 13. Qg3 Nh5 14. Qh4 f6 15. Bd2 Rh8 16. Na3 Ne5 17. Be2 Ng6 18. Qxh5 Rxh5 19. Bxh5 Qh8 20. Bxg6 Kxg6 21. Nc4 Be6 22. Nxb6 axb6 23. cxd4 Rxa2 24. Rab1 Ra4 25. Bc3 Qh4 26. Re3 Kf7 27. Rbe1 Ra8 28. Rf3 Rh8 29. h3 Rh6 30. d5 Bd7 31. e5 dxe5 32. Bxe5 Qg5 33.
Bf4 Qg6 34. Bxh6 Qxh6 35. Rfe3 Bb5 36. Re7+ Kg6 37. R1e3 Qh5 38. Rg3+ Kf5 39. Re1 Qh6 40. Rf3+ Kg6 41. Re6 Kg7 42. Rg3+ Kf7 43. Rge3 Qf4 44. Re7+ Kg6 45. Rg3+ Kh6 46. Ree3 Qf5 47. Ref3 Qxd5 48. Rxf6+ Kh7 49. Rf4 Bc6 50. Rh4+ 1-0

[Event "*** Titled Tuesday Blitz"]
[Site "Chess.com"]
[Date "2021.03.02"]
[Round "1"]
[White "CrazyMartian"]
[Black "NateSolon"]
[Result "0-1"]
[WhiteElo "2278"]
[BlackElo "2588"]
[TimeControl "180+1"]
[EndTime "10:07:54 PST"]
[Termination "NateSolon won on time"]

1. d4 Nf6 2. c4 e6 3. Nc3 Bb4 4. Qc2 b6 5. a3 Bxc3+ 6. Qxc3 Bb7 7. Nf3 O-O 8. Bg5 h6 9. Bh4 d6 10. e3 Nbd7 11. Be2 c5 12. Rd1 Qc7 13. Bg3 Ne4 14. Qc1 Rac8 15. O-O Ndf6 16. dxc5 Qxc5 17. b4 Qc7 18. Qb2 Nxg3 19. hxg3 d5 20. Rc1 Qe7 21. Ne5 dxc4 22. Nxc4 Rfd8 23. Ne5 Ne4 24. Rxc8 Rxc8 25.
Nf3 Nc3 26. Re1 Qf6 27. Qd2 Ne4 28. Qd4 Rc3 29. a4 Bd5 30. a5 Qxd4 31. Nxd4 bxa5 32. bxa5 Ra3 33. a6 Nc5 34. Rc1 Nxa6 35. Rc8+ Kh7 36. Nb5 Ra2 37. Nxa7 Rxe2 38. Nb5 Re1+ 39. Kh2 Re2 40. Kg1 Nb4 41. Nd4 Re1+ 42. Kh2 Nd3 43. Rc2 Rf1 44. f3 Rf2 45. Rc3 Ne1 46. Kg1 Ra2 47. Kf1 Nxg2 48. e4 Bb7 49. Ne2 Ba6 50. Re3 Nxe3+ 0-1

[Event "*** Titled Tuesday Blitz"]
[Site "Chess.com"]
[Date "2021.03.02"]
[Round "1"]
[White "Fraler15"]
[Black "frazier69"]
[Result "0-1"]
[WhiteElo "2273"]
[BlackElo "2578"]
[TimeControl "180+1"]
[EndTime "10:07:54 PST"]
[Termination "frazier69 won on time"]

1. e4 e6 2. d4 d5 3. e5 c5 4.
c3 Nc6 5. Nf3 Bd7 6. Na3 Rc8 7.
Be2 Nge7 8. Nc2 cxd4 9. cxd4 Ng6 10. h4 Nb4 11. Nxb4 Bxb4+ 12. Bd2 Qa5 13. Bxb4 Qxb4+ 14. Qd2 Qxd2+ 15. Kxd2 h6 16. g3 Ne7 17. Rac1 Nc6 18. a3 Ke7 19. Ke3 f6 20. Bb5 fxe5 21. Bxc6 exd4+ 22. Kxd4 Bxc6 23. Ne5 Rhd8 24. f4 Be8 25. Rhe1 Kd6 26. Rg1 b6 27. b4 a5 28. bxa5 bxa5 29.
Rb1 Rb8 30. Rgc1 a4 31. g4 Rb3 32. Rxb3 axb3 33. Rb1 Rb8 34. Kc3 g5 35. hxg5 hxg5 36. Rxb3 Rxb3+ 37. Kxb3 gxf4 38. Nd3 e5 39. a4 f3 40. a5 Bb5 41. Nf2 e4 42. Kc3 Ke5 43. Kd2 d4 44. Ke1 e3 45. Nh1 Kf4 46. a6 Bxa6 47. g5 Kxg5 48. Ng3 Kf4 49. Nh1 d3 50. Nf2 d2+ 51. Kd1 Be2+ 52. Kc2 exf2 0-1

[Event "*** Titled Tuesday Blitz"]
[Site "Chess.com"]
[Date "2021.03.02"]
[Round "1"]
[White "Sjakkerntobi"]
[Black "rychessmaster1"]
[Result "0-1"]
[WhiteElo "2313"]
[BlackElo "2617"]
[TimeControl "180+1"]
[EndTime "10:07:56 PST"]
[Termination "rychessmaster1 won by checkmate"]

1. e4 c6 2. Nc3 d5 3. Nf3 dxe4 4.
Nxe4 Nf6 5. Qe2 Nxe4 6. Qxe4 Qa5 7. Qh4 Bf5 8. c3 e6 9. d4 Be7 10. Qg3 Bf6 11. Bf4 Nd7 12. Ne5 Bxe5 13. Bxe5 Nxe5 14.
dxe5 O-O 15. Be2 Rad8 16. O-O Rd2 17. Bc4 Rfd8 18. b4 Qb6 19. a3 h6 20. h4 Bd3 21. Bxd3 R8xd3 22. Qf4 Qd8 23. Rac1 Qd5 24. a4 Qb3 25. a5 Qb2 26. h5 Rxc3 27. Rb1 Qc2 28.
Rfc1 Qd3 29. Rxc3 Qxc3 30. b5 Qd3 31. Rc1 Rd1+ 32. Rxd1 Qxd1+ 33. Kh2 Qxh5+ 34. Kg1 Qd1+ 35. Kh2 cxb5 36. Qb4 Qd7 37. Qc5 a6 38. f4 g6 39. g3 Qd2+ 40. Kh3 Qd5 41. Qc1 h5 42. Qe1 b4 43. Kh2 b3 44. Qc3 Qb5 45. Qb2 Qc4 46. Qa3 Qc2+ 47. Kh3 b2 48. Qe7 b1=Q 49. Qd8+ Kh7 50.
Kh4 Qh1+ 51. Kg5 Qf5# 0-1

[Event "*** Titled Tuesday Blitz"]
[Site "Chess.com"]
[Date "2021.03.02"]
[Round "1"]
[White "JoakimVonAnd"]
[Black "fridaywins"]
[Result "1-0"]
[WhiteElo "2508"]
[BlackElo "2129"]
[TimeControl "180+1"]
[EndTime "10:07:56 PST"]
[Termination "JoakimVonAnd won by resignation"]

1. d4 Nf6 2. Nf3 g6 3. Bf4 Bg7 4. e3 d6 5. c3 O-O 6. h3 c5 7.
Be2 Nbd7 8. O-O a6 9. a4 b6 10.
Nbd2 Bb7 11. b4 cxb4 12. cxb4 Nd5 13. Qb3 Nxf4 14. exf4 Nf6 15. Rac1 Qd7 16. Nc4 Bd5 17. Qe3 Rab8 18. a5 Bxc4 19. Bxc4 b5 20. Bb3 Rfc8 21.
Ng5 d5 22. Nf3 e6 23. Ne5 Qd6 24. Rc5 Ne4 25. Rxc8+ Rxc8 26. f3 Rc3 27. Qe1 Qxb4 28. fxe4 Qxd4+ 29. Kh1 Rxb3 30. Qh4 dxe4 31. Qe7 Bxe5 32.
fxe5 Rf3 33. gxf3 e3 34. Rc1 Kg7 35. Rc8 Kh6 36. Qf6 Kh5 37. h4 Qd1+ 38. Kg2 Qe2+ 39.
Kh3 Qf1+ 40. Kg3 Qg1+ 41. Kf4 Qh2+ 42. Ke4 Qxh4+ 43. Qxh4+ Kxh4 44. Kxe3 Kg3 45. f4 h5 46.
Rf8 h4 47. Rxf7 h3 48. Rf6 h2 49. Rxg6+ Kh3 50. Rh6+ Kg2 51. f5 exf5 52. e6 f4+ 53. Kxf4 1-0

[Event "*** Titled Tuesday Blitz"]
[Site "Chess.com"]
[Date "2021.03.02"]
[Round "1"]
[White "AniJak"]
[Black "nurgyulsalimova"]
[Result "0-1"]
[WhiteElo "2346"]
[BlackElo "2665"]
[TimeControl "180+1"]
[EndTime "10:07:57 PST"]
[Termination "nurgyulsalimova won by checkmate"]

1. e4 c5 2. Nf3 Nc6 3. d4 cxd4 4. Nxd4 g6 5. c4 Bg7 6. Be3 Nf6 7. Nc3 O-O 8. Be2 d6 9. O-O Bd7 10. f3 Nxd4 11. Bxd4 Bc6 12. Qd2 a5 13. Rac1 Nd7 14. Bxg7 Kxg7 15. Rfd1 Qb6+ 16. Qd4+ Qxd4+ 17. Rxd4 Rfc8 18. Re1 h5 19. Bd1 a4 20. f4 Ra5 21. b4 axb3 22. axb3 Rca8 23. Bc2 b6 24. Rdd1 Ra3 25.
Nb1 Ra2 26. Rd2 Nc5 27. b4 Ne6 28. g3 Rb2 29. b5 Bb7 30. Nc3 Nc5 31. Rde2 Ra3 32.
Nd5 Bxd5 33. exd5 Raa2 34. Bd1 Rxe2 35. Rxe2 Ra1 36. Re1 Nd3 37. Rf1 Nb2 38. Be2 Ra3 39.
Rb1 Na4 40. Kf2 Kf6 41. Re1 Ra2 42. Ke3 Nc5 43. h3 Ra3+ 44. Kf2 Ne4+ 45. Kg2 Rxg3+ 46.
Kh2 h4 47. Bf1 Kf5 48. Bg2 Nd2 49. Rxe7 f6 50. Re6 Nxc4 51. Be4+ Kxf4 52. Bb1 Ne5 53. Rxf6+ Kg5 54. Rxd6 Nf3+ 55. Kh1 Rg1# 0-1

[Event "*** Titled Tuesday Blitz"]
[Site "Chess.com"]
[Date "2021.03.02"]
[Round "1"]
[White "AlexeiShirov"]
[Black "Grandmaster1369"]
[Result "1-0"]
[WhiteElo "2825"]
[BlackElo "2422"]
[TimeControl "180+1"]
[EndTime "10:07:58 PST"]
[Termination "AlexeiShirov won by checkmate"]

1. e4 c5 2. Nf3 g6 3. c3 Bg7 4. d4 cxd4 5. cxd4 d5 6. e5 Nh6 7. h3 O-O 8. Nc3 Nc6 9. Bb5 Bf5 10. Bxc6 bxc6 11. O-O f6 12. Re1 fxe5 13. Nxe5 Rc8 14. Na4 Nf7 15. Bf4 Nd6 16. Bh2 Ne4 17. f3 Nf6 18. Rc1 Qe8 19. Nc5 Nd7 20. Nexd7 Bxd7 21. Rc3 Rf6 22. Be5 Rf7 23. Ra3 Ra8 24. Qb3 Bf8 25. Qb7 e6 26. Rxa7 Rxa7 27. Qxa7 Bc8 28. Qb6 Bxc5 29.
Qxc5 Rb7 30. b3 Bd7 31. Re3 Qf8 32. Qc1 Qf5 33. Rc3 Ra7 34. a4 Be8 35. Kh2 Qf7 36.
Rc5 Qb7 37. Qg5 Qe7 38. Qf4 Qf7 39. Qh6 Qb7 40. Qe3 Qf7 41. a5 Qb7 42. Qc3 Qf7 43. b4 Qb7 44. b5 cxb5 45. Rc7 Qa8 46. Rxa7 Qxa7 47. Qc8 Kf7 48. Qd8 b4 49. Qf6+ Kg8 50. Qh8+ Kf7 51. Qg7# 1-0

[Event "*** Titled Tuesday Blitz"]
[Site "Chess.com"]
[Date "2021.03.02"]
[Round "1"]
[White "Love_craft"]
[Black "CzechmVIII"]
[Result "1-0"]
[WhiteElo "2564"]
[BlackElo "2258"]
[TimeControl "180+1"]
[EndTime "10:07:58 PST"]
[Termination "Love_craft won by resignation"]

1. Nf3 c5 2. g3 b6 3. Bg2 Bb7 4. O-O Nf6 5. d3 e6 6. e4 d6 7. Nh4 Nc6 8. f4 Be7 9. c3 O-O 10. Nd2 a6 11. Kh1 Nd7 12. Nhf3 Qc7 13. g4 Rad8 14.
g5 d5 15. e5 g6 16. Qe2 Rfe8 17. Ng1 Bf8 18. Rf3 Ne7 19. Rh3 Nf5 20. Ndf3 d4 21.
c4 Nb8 22. Bd2 Nc6 23. a3 a5 24. Qf2 Nce7 25. b3 Bc6 26. Rf1 Qb7 27. Ne2 Ne3 28.
Qh4 h5 29. gxh6 N7f5 30. Qf6 Ng7 31. hxg7 Bxg7 32. Qh4 Nxf1 33. Bxf1 Bxf3+ 34. Kg1 Bh5 35. Bg2 Qe7 36. Qf2 Qd7 37. Ng3 Bg4 38. Rh4 Bf5 39.
Nxf5 exf5 40. Bd5 Qe7 41. Rh3 Rxd5 42. cxd5 Qd7 43. Qg2 b5 44. Bxa5 c4 45. bxc4 bxc4 46. dxc4 Rb8 47. Bb4 Qa4 48. d6 Qd1+ 49. Qf1 Qxf1+ 50.
Kxf1 Bf8 51. Rd3 Ra8 52. Rxd4 Rc8 53. d7 Rd8 54. Bxf8 Kxf8 55. c5 Ke7 56. c6 f6 57.
exf6+ Kxf6 58. c7 1-0

[Event "*** Titled Tuesday Blitz"]
[Site "Chess.com"]
[Date "2021.03.02"]
[Round "1"]
[White "Grieve72"]
[Black "esrosenberg"]
[Result "1-0"]
[WhiteElo "2525"]
[BlackElo "2181"]
[TimeControl "180+1"]
[EndTime "10:07:58 PST"]
[Termination "Grieve72 won by checkmate"]

1. e4 e5 2. Nf3 Nc6 3. Bc4 Nf6 4. d3 Bc5 5. O-O d6 6. a4 a6 7. c3 Ba7 8. Nbd2 Bg4 9. Re1 Qd7 10. Nf1 h6 11. Be3 g6 12. Bxa7 Rxa7 13. b4 Nh5 14.
Ne3 Nf4 15. b5 Ne7 16. bxa6 bxa6 17. Rb1 O-O 18. d4 exd4 19. cxd4 Kg7 20. g3 Nh3+ 21. Kg2 Ng5 22. Nxg4 Qxg4 23. Nxg5 Qxg5 24. f4 Qa5 25.
d5 Raa8 26. e5 Nf5 27. g4 Nh4+ 28. Kg3 g5 29. fxg5 hxg5 30. Qc1 Kh6 31. exd6 cxd6 32. Rf1 f5 33. gxf5 Rxf5 34. Rxf5 Nxf5+ 35. Kg2 Qd8 36. Rb3 Qe7 37. Rh3+ Kg6 38. Bd3 Qe5 39. Qc2 Qxd5+ 40.
Be4 Qxe4+ 41. Qxe4 Rf8 42. Rf3 Rf6 43. h3 g4 44. Qxg4+ Kf7 45. Rxf5 Ke7 46. Rxf6 Kxf6 47. Qd4+ Ke7 48. a5 Kd7 49. Qd5 Kc7 50. h4 Kd7 51. h5 Ke7 52. h6 Kd7 53. h7 Kc7 54. h8=Q Kd7 55. Qg7+ Kd8 56. Qdg8# 1-0

[Event "*** Titled Tuesday Blitz"]
[Site "Chess.com"]
[Date "2021.03.02"]
[Round "1"]
[White "ajdemipopushi"]
[Black "Mazetovic"]
[Result "0-1"]
[WhiteElo "2384"]
[BlackElo "2711"]
[TimeControl "180+1"]
[EndTime "10:07:59 PST"]
[Termination "Mazetovic won on time"]

1. Nf3 Nf6 2. g3 g6 3. c4 Bg7 4.
Bg2 d6 5. d4 O-O 6. Nc3 c6 7.
O-O Qa5 8. h3 Qa6 9. b3 b5 10.
Nd2 Bb7 11. a4 b4 12. Nce4 Nxe4 13. Nxe4 c5 14. Bb2 Nc6 15. e3 Na5 16. Rb1 h6 17.
dxc5 Bxe4 18. Bxe4 Rad8 19. cxd6 Rxd6 20. Qe2 Bxb2 21.
Qxb2 Rfd8 22. Bc2 Nb7 23. Rbd1 Nc5 24. Qe5 Rxd1 25. Rxd1 Rxd1+ 26. Bxd1 Qd6 27. Qd4 a5 28. Kf1 Qc7 29. Bc2 e6 30. h4 h5 31. f4 Qc6 32. Kf2 Qc7 33. e4 Kf8 34. Ke3 Ke7 35.
Kf3 f6 36. e5 f5 37. Ke3 Qc6 38. Bd1 Nb7 39. Bf3 Qc7 40. Bxb7 Qxb7 41. Qd6+ Kf7 42. Qd4 Qg2 43. c5 Qxg3+ 44. Kd2 Qg2+ 45. Kc1 Qf1+ 46. Kc2 Qe2+ 47. Kc1 Qe1+ 48. Kc2 Qxh4 49. Qd7+ Qe7 50. Qd4 h4 51. c6 h3 52. Qe3 Qc7 53. Qxh3 Qxc6+ 54. Kb2 Kg7 0-1

[Event "*** Titled Tuesday Blitz"]
[Site "Chess.com"]
[Date "2021.03.02"]
[Round "1"]
[White "bratkoo"]
[Black "TimKett"]
[Result "0-1"]
[WhiteElo "2505"]
[BlackElo "2184"]
[TimeControl "180+1"]
[EndTime "10:07:59 PST"]
[Termination "TimKett won on time"]

1. e4 e5 2. Nf3 Nc6 3. Bc4 Nf6 4. d3 Bc5 5. O-O d6 6. c3 a6 7. a4 O-O 8. a5 Be6 9. Nbd2 d5 10. Ba2 dxe4 11.
dxe4 Bxa2 12. Rxa2 Qe7 13. b4 Ba7 14. Qe2 Qe6 15. Nc4 Rad8 16. h3 Rd7 17. Bg5 Rfd8 18. Rc2 h6 19. Bh4 g5 20. Bg3 g4 21. Nfxe5 gxh3 22. Nxd7 Rxd7 23. e5 hxg2 24. Re1 Ng4 25.
Kxg2 Qf5 26. Qe4 Qxe4+ 27. Rxe4 h5 28. e6 fxe6 29. Rxe6 Rd3 30. Bxc7 Kf7 31. Re4 Nxf2 32. Rf4+ Ke6 33. Rcxf2 Bxf2 34. Rxf2 Rxc3 35. Nd2 Nxb4 36. Nf3 Rxc7 37. Rb2 Nc6 38. Rb6 Rg7+ 39. Kf2 Kd5 40.
Ke3 Nxa5 41. Rh6 Nc6 42. Rxh5+ Kc4 43. Nd2+ Kb4 44. Ne4 Re7 45. Kd3 a5 46. Rh4 a4 47.
Nc3+ Kb3 48. Nxa4 Rd7+ 49. Ke2 Rd4 0-1

[Event "*** Titled Tuesday Blitz"]
[Site "Chess.com"]
[Date "2021.03.02"]
[Round "1"]
[White "AntonovaNadezhda"]
[Black "BigAl"]
[Result "0-1"]
[WhiteElo "2129"]
[BlackElo "2508"]
[TimeControl "180+1"]
[EndTime "10:07:59 PST"]
[Termination "BigAl won on time"]

1. b3 b6 2. Nf3 Bb7 3. g3 Nf6 4. Bg2 g6 5. Bb2 Bg7 6. O-O O-O 7. d3 c5 8. c4 d6 9. Nc3 a6 10. e3 Nbd7 11. d4 cxd4 12. exd4 Rc8 13. Re1 Re8 14.
Qd2 e6 15. Rad1 Qc7 16. Ng5 Bxg2 17. Kxg2 Qb7+ 18. Nf3 d5 19. Ne5 dxc4+ 20. f3 cxb3 21. axb3 b5 22. Nd3 Red8 23. b4 Nb6 24. Nc5 Qc6 25.
N3e4 Nxe4 26. Rxe4 Nc4 27. Qe2 a5 28. Bc3 a4 29. Qa2 Rd5 30. Qa1 Rcd8 31. Nd3 h5 32.
Nf4 Qd7 33. Nxd5 Qxd5 34. h4 Bh6 35. Kh2 Bg7 36. Rde1 Nd6 37. R4e3 Rc8 38. Qd1 Nf5 39. Rd3 Rc4 40. Qd2 Qd6 41. f4 Qd5 42. Ba1 Nh6 43.
Kh3 Qf5+ 44. Kg2 Qd5+ 45. Kh3 Ng4 46. Qe2 Rxb4 47. Rc3 Rc4 48. Rxc4 bxc4 49. Qc2 Bxd4 50. Bxd4 Qxd4 51. Qxa4 Nf2+ 52. Kg2 Nd3 53. Qe8+ Kg7 54.
Rf1 Qe4+ 55. Kh3 Qe2 56. Rh1 Nf2+ 57. Kg2 Ng4+ 58. Kh3 Qf3 0-1

[Event "*** Titled Tuesday Blitz"]
[Site "Chess.com"]
[Date "2021.03.02"]
[Round "1"]
[White "Witik"]
[Black "imdarealist"]
[Result "1-0"]
[WhiteElo "2708"]
[BlackElo "2378"]
[TimeControl "180+1"]
[EndTime "10:08:00 PST"]
[Termination "Witik won by resignation"]

1. e4 e5 2. Nf3 Nf6 3. Nc3 Bb4 4.
Nxe5 O-O 5. Nd3 Bxc3 6. dxc3 Nxe4 7. Be2 Re8 8. O-O d6 9. f3 Nc5 10. Bf4 Nbd7 11. Qd2 Nxd3 12. cxd3 Nc5 13. Rfe1 Ne6 14. Bg3 b6 15. d4 Bb7 16. Bd3 Qf6 17. Re3 Nf8 18.
Rae1 Bc6 19. b4 Qg5 20. Qf2 Rxe3 21. Qxe3 Qxe3+ 22. Rxe3 Re8 23. Rxe8 Bxe8 24. Kf2 Ne6 25. Ke3 g6 26. d5 Ng7 27. Bh4 Kf8 28. Bd8 c6 29. c4 c5 30. b5 Bd7 31. Bc7 Nf5+ 32. Bxf5 Bxf5 33. Bxd6+ Ke8 34. Bb8 Bb1 35. Bxa7 Bxa2 36.
Kd3 Bb1+ 37. Kc3 Kd7 38. Bxb6 Kd6 39. Ba7 Bf5 40. Bb8+ Kd7 41. Bg3 Ke7 42. b6 Bc8 43. Bf4 Kd7 44. Kb3 Ba6 45. Ka4 Kc8 46. Ka5 Bxc4 47.
d6 Be6 48. Be3 c4 49. Kb4 Kb7 50. Bd4 Bd5 51. Kc5 h5 52. Kxd5 1-0

[Event "*** Titled Tuesday Blitz"]
[Site "Chess.com"]
[Date "2021.03.02"]
[Round "1"]
[White "SamuelGhimpu2003"]
[Black "ARTHURMOTIVATOR"]
[Result "1-0"]
[WhiteElo "2649"]
[BlackElo "2338"]
[TimeControl "180+1"]
[EndTime "10:08:00 PST"]
[Termination "SamuelGhimpu2003 won by checkmate"]

1. e4 e5 2. Nf3 Nc6 3. Bc4 Nf6 4. Ng5 d5 5. exd5 Na5 6. Bb5+ c6 7. dxc6 bxc6 8. Bd3 Nd5 9. Nf3 Nf4 10. Bf1 Bd6 11. d3 O-O 12. g3 Ne6 13. Bg2 f5 14. O-O Qf6 15. Nc3 Bd7 16. Re1 Rae8 17. Bd2 Nb7 18. Rb1 g5 19. h3 g4 20. hxg4 Nd4 21. g5 Nxf3+ 22. Qxf3 Qg6 23. b4 Bb8 24. b5 Nd8 25. a4 cxb5 26. axb5 Nf7 27. Qe3 Bc7 28. Nd5 Bd8 29.
Qxa7 Be6 30. Nf6+ Bxf6 31. gxf6 f4 32. Qb7 Ng5 33. b6 Qxf6 34. gxf4 exf4 35. Bd5 Qg6 36. Bxe6+ Rxe6 37. Kf1 Rxe1+ 38. Rxe1 Qh5 39. Qd5+ Rf7 40. Re8+ Kg7 41. Bc3+ Kg6 42. Rg8+ Kh6 43. Qd6+ Qg6 44. Rxg6+ hxg6 45. Qc6 Kh5 46. b7 Rf5 47. b8=Q Rf8 48. Qxf8 f3 49. Qh8+ Kg4 50. Qd7+ Kf4 51. Qh4# 1-0

[Event "*** Titled Tuesday Blitz"]
[Site "Chess.com"]
[Date "2021.03.02"]
[Round "1"]
[White "pastouche06"]
[Black "beto-betun"]
[Result "1-0"]
[WhiteElo "2532"]
[BlackElo "2205"]
[TimeControl "180+1"]
[EndTime "10:08:01 PST"]
[Termination "pastouche06 won by resignation"]

1. d4 Nf6 2. c4 g6 3. f3 d5 4. cxd5 c6 5. e4 cxd5 6. e5 Nfd7 7. Nc3 e6 8. h4 h5 9. Bd3 Nc6 10. Nge2 Be7 11. g3 a6 12. Be3 Qb6 13. Qd2 f5 14.
exf6 Nxf6 15. Bxg6+ Kd7 16. Bd3 Rg8 17. O-O-O Kd8 18.
Kb1 Bd7 19. Na4 Qb4 20. Nc5 Qxd2 21. Rxd2 b6 22. Nxd7 Kxd7 23. Rc1 b5 24. Rdc2 Rac8 25.
Bg5 Na5 26. Rxc8 Rxc8 27. Rxc8 Kxc8 28. b3 Nc6 29. Bg6 Kd7 30. Bf7 Nd8 31. Bg6 Nc6 32. Bf4 Bd6 33. Bxd6 Kxd6 34. a3 Ke7 35. Kc2 Kf8 36. Kd3 Kg7 37. Nf4 Ne7 38. Bxh5 Nxh5 39. Nxh5+ Kg6 40. Nf4+ Kf5 41. Ke3 e5 42. g4+ Kf6 43.
dxe5+ Kxe5 44. Nd3+ Kf6 45. Kd4 Ke6 46. Nc5+ Kd6 47.
Nxa6 Nc6+ 48. Kd3 Ne5+ 49. Ke3 d4+ 50. Kxd4 Nxf3+ 51. Ke4 Nxh4 52. g5 Ng6 53. Kf5 Ne5 54. g6 b4 55. Nxb4 Nxg6 56. Kxg6 Kc5 57. Kf5 1-0

[Event "*** Titled Tuesday Blitz"]
[Site "Chess.com"]
[Date "2021.03.02"]
[Round "1"]
[White "serhanberat_ozdemir"]
[Black "XxPetroffsxX"]
[Result "1-0"]
[WhiteElo "2516"]
[BlackElo "2149"]
[TimeControl "180+1"]
[EndTime "10:08:01 PST"]
[Termination "serhanberat_ozdemir won on time"]

1. e4 e5 2. Nf3 Nc6 3. d4 exd4 4. Bc4 Bc5 5. c3 d3 6. Qxd3 d6 7. O-O Nf6 8. Bg5 h6 9. Bh4 O-O 10. Nbd2 Bg4 11. a4 a5 12. Rfe1 Re8 13. Bb3 Qe7 14.
Nf1 Ne5 15. Nxe5 dxe5 16. Ne3 Be6 17. Bxe6 Qxe6 18. Nf5 Rad8 19. Qg3 Bf8 20. Nxh6+ Kh7 21. Nf5 Nh5 22. Qg4 Nf6 23. Qh3 Kg8 24. Rad1 Rxd1 25.
Rxd1 Nxe4 26. Re1 Nd6 27. Ne3 Qxh3 28. gxh3 f5 29. Nd5 c6 30. Nb6 Ne4 31. Bg3 f4 32. Rxe4 fxg3 33. hxg3 Bc5 34. Nc4 Rf8 35. Re2 e4 36.
Kg2 b5 37. axb5 cxb5 38. Nd2 a4 39. Nxe4 Be7 40. f4 b4 41. cxb4 Bxb4 42. Kf3 Rc8 43.
g4 Rc1 44. f5 Rh1 45. Kg2 Rb1 46. Ng5 Kf8 47. Ne6+ Kf7 48. h4 Be7 49. g5 Bd6 50.
Nd8+ 1-0